 Dungeon Sprint DCSS version 0.24.1-4-ge52af88ad5 (webtiles) character file.

Game seed: 1074821853626375983, levelgen mode: deterministic

11300000 Groucho the Axe Maniac (level 27, -10/292 (298) HPs)
             Began as a Deep Dwarf Abyssal Knight on Apr 18, 2020.
             Was the Champion of Makhleb.
             Killed by the air
             ... invoked by a tyrant
              (23 damage)
             ... in the Dungeon (Sprint VIII: "Arena of Blood").
             The game lasted 00:06:23 (113 turns).

Groucho the Axe Maniac (Deep Dwarf Abyssal Knight)   Turns: 113, Time: 00:06:23

HP:   -10/292 (298) AC:  6    Str: 16    XL:     27
MP:   39/54         EV: 35    Int: 17    God:    Makhleb [******]
Gold: 0             SH:  0    Dex: 21    Spells: 80/80 levels left

rFire    . . .     SeeInvis .   j - +∞ Axe of Woe
rCold    . . .     Gourm    .   (shield currently unavailable)
rNeg     + . .     Faith    .   b - +0 leather armour
rPois    .         Spirit   .   (no helmet)
rElec    .         Reflect  .   (no cloak)
rCorr    .         Harm     .   (no gloves)
MR       ++++.     NoTele   +   (no boots)
Stlth    +++++++++.             (no amulet)
HPRegen  0.00/turn              (no ring)
MPRegen  0.34/turn              (no ring)

@: non-regenerating, badly diseased
A: damage resistance, heal wounds, negative energy resistance 1, sense
surroundings 3, no regeneration
a: Heal Wounds, Minor Destruction, Lesser Servant of Makhleb, Major Destruction,
Greater Servant of Makhleb, Renounce Religion


You were in the Dungeon.
You worshipped Makhleb.
Makhleb was exalted by your worship.
You were not hungry.

You visited 1 branch

Inventory:

Hand Weapons
 a - a +1 hand axe
 j - the +∞ Axe of Woe (weapon)
   (You found it in the Dungeon)
Armour
 b - a +0 leather armour (worn)
Scrolls
 i - a scroll of blinking
Potions
 d - a potion of curing
 e - a potion of heal wounds
 f - a potion of haste
 g - 2 potions of magic
 h - a potion of berserk rage
Comestibles
 c - a ration


   Skills:
 O Level 27 Fighting
 O Level 27 Axes
 O Level 27 Throwing
 O Level 27 Armour
 O Level 27 Dodging
 O Level 27 Stealth
 O Level 27 Unarmed Combat
 O Level 27 Spellcasting
 O Level 27 Invocations


You had 80 spell levels left.
You didn't know any spells.
Your spell library was empty.

Dungeon Overview and Level Annotations

Branches:
Dungeon (1/1)

Altars:
Makhleb


Innate Abilities, Weirdness & Mutations

You are resistant to damage.
You can heal yourself by infusing magical energy.
You resist negative energy. (rN+)
You passively map a large area around you.
You do not regenerate.


Message History

You slash the crawling corpse!
You butcher the crawling corpse messily.
You destroy the crawling corpse!
You are engulfed in blazing flames.
* * * LOW HITPOINT WARNING * * *
You hear a shout! x2
A meat beast comes into view.
The tyrant waves its bony arms in wide circles.
The air twists around and strikes you!!!
* * * LOW HITPOINT WARNING * * *
You hear a shout! x2
A bag of meat comes into view. It is wielding a +9 war axe.
You hear a shout! x3
The dread is engulfed in blazing flames.
The dread throws damnation at you.
The sphere of damnation explodes!
The damnation engulfs you!!
* * * LOW HITPOINT WARNING * * *
The tyrant waves its bony arms in wide circles.
The air twists around and strikes you!!
You die... ,, .. ,,, .., , , , ,, ..... ,..,, , , ,,#..., ..# , , , , ,*,. ,#...
XX# , , , , * ..###..X,,.X###. , , ooMXLS###L.L%..

,,, * , ,
,...o.W)_2Xo.o..,, ,,
,, ,, #X)°)O# , * *,,
* , #_)@§§# , ,, , ,
#%)§)§# , ,* , ,,,
......Vo§§§...... , ,
,,
,,......W###...%...,,
, * ,, ..###.o.,
..###.. , ,,, , , .
#DO., V.# . , ,, ,,
,#M..,,..#, ,, , ,
.2...,O.. , , , ...O
.... , , , , ,


You could see 2 accurseds, 2 tentacled monstrosities, a meat beast, 3 tyrants, a
reaper, an eight-headed meat hydra, 2 destroyers, a scourge, 2 large bags of
meat, 4 large abominations, 2 dreads and 7 bags of meat.

Vanquished Creatures
  10 hell beasts (D)
  5 greater mummies (D)
  3 great orbs of eyes (D)
  2 wraiths (D)
  15 vampire knights (D)
  31 ogres (D)
  8 two-headed ogres (D)
  5 liches (D)
  49 orcs (D)
  7 skeletal warriors (D)
  A sea snake (D)
  6 large abominations (D)
  8 small abominations (D)
  11 crawling corpses (D)
161 creatures vanquished.

Vanquished Creatures (others)
  4 crawling corpses (D)
4 creatures vanquished.

Grand Total: 165 creatures vanquished

Notes
Turn   | Place    | Note
-------+----------+-------------------------------------------
     0 | D        | Found the +∞ Axe of Woe
     0 | D        | Groucho the Deep Dwarf Abyssal Knight began the quest for
                  | the Orb.
     0 | D        | Reached XP level 1. HP: 20/20 MP: 2/2
     2 | D        | Noticed a bag of meat
     4 | D        | Fell from the grace of Lugonu
     4 | D        | Became a worshipper of Makhleb the Destroyer
     4 | D        | Noticed a bag of meat
     6 | D        | Noticed a meat berserker
     8 | D        | Noticed a bag of meat
     9 | D        | Noticed a bag of meat
    11 | D        | Killed a meat berserker
    11 | D        | Reached XP level 2. HP: 27/27 MP: 3/3
    11 | D        | Reached XP level 3. HP: 33/33 MP: 4/4
    11 | D        | Reached XP level 4. HP: 40/40 MP: 5/5
    11 | D        | Reached XP level 5. HP: 46/46 MP: 6/6
    11 | D        | Reached XP level 6. HP: 55/55 MP: 7/7
    11 | D        | Reached XP level 7. HP: 61/61 MP: 8/8
    11 | D        | Reached XP level 8. HP: 68/68 MP: 9/9
    11 | D        | Gained mutation: You passively map the area around you.
                  | [Deep Dwarf growth]
    11 | D        | Reached XP level 9. HP: 74/74 MP: 10/10
    11 | D        | Reached XP level 10. HP: 81/81 MP: 11/11
    11 | D        | Reached XP level 11. HP: 88/88 MP: 12/12
    11 | D        | Reached XP level 12. HP: 96/96 MP: 13/13
    11 | D        | Reached XP level 13. HP: 102/102 MP: 14/14
    11 | D        | Killed a bag of meat
    11 | D        | Reached * piety under Makhleb
    11 | D        | Noticed a bag of meat
    11 | D        | Noticed a meat berserker
    14 | D        | Killed a bag of meat
    14 | D        | Reached skill level 27 in Axes
    14 | D        | Reached skill level 27 in Dodging
    14 | D        | Reached skill level 5 in Fighting
    14 | D        | Reached skill level 5 in Armour
    14 | D        | Gained mutation: You resist negative energy. (rN+) [Deep
                  | Dwarf growth]
    14 | D        | Reached XP level 14. HP: 117/117 MP: 15/15
    15 | D        | Killed a bag of meat
    15 | D        | Killed a meat berserker
    15 | D        | Reached ** piety under Makhleb
    15 | D        | Reached XP level 15. HP: 158/158 MP: 16/16
    17 | D        | Noticed a meat berserker
    19 | D        | Killed a meat berserker
    19 | D        | Reached XP level 16. HP: 183/183 MP: 17/17
    20 | D        | Reached *** piety under Makhleb
    20 | D        | Noticed a large bag of meat
    23 | D        | Noticed a meat berserker
    24 | D        | Killed a large bag of meat
    24 | D        | Reached skill level 27 in Armour
    24 | D        | Reached XP level 17. HP: 204/207 MP: 18/18
    26 | D        | Reached skill level 27 in Fighting
    27 | D        | Noticed a meat berserker
    27 | D        | Noticed a meat berserker
    27 | D        | Noticed a meat berserker
    27 | D        | Noticed a destroyer
    29 | D        | Killed a meat berserker
    29 | D        | Reached **** piety under Makhleb
    29 | D        | Reached skill level 27 in Invocations
    29 | D        | Gained mutation: You passively map a large area around you.
                  | [Deep Dwarf growth]
    29 | D        | Reached XP level 18. HP: 218/218 MP: 18/35
    29 | D        | Killed a destroyer
    31 | D        | Noticed a destroyer
    31 | D        | Killed a meat berserker
    31 | D        | Reached XP level 19. HP: 226/226 MP: 18/36
    31 | D        | Reached skill level 27 in Unarmed Combat
    32 | D        | Killed a meat berserker
    32 | D        | Reached ***** piety under Makhleb
    32 | D        | Noticed a meat berserker
    33 | D        | Killed a destroyer
    33 | D        | Reached XP level 20. HP: 236/236 MP: 19/49
    35 | D        | Killed a meat berserker
    35 | D        | Reached skill level 27 in Spellcasting
    35 | D        | Reached skill level 15 in Throwing
    36 | D        | Reached ****** piety under Makhleb
    36 | D        | Reached XP level 21. HP: 244/244 MP: 19/52
    37 | D        | Noticed a destroyer
    39 | D        | Reached skill level 27 in Throwing
    39 | D        | Reached skill level 27 in Stealth
    41 | D        | Killed a destroyer
    41 | D        | Reached XP level 22. HP: 254/254 MP: 21/53
    42 | D        | Noticed a destroyer
    42 | D        | Noticed a destroyer
    44 | D        | Noticed a tyrant
    45 | D        | Killed a tyrant
    45 | D        | Killed a destroyer
    45 | D        | Reached XP level 23. HP: 262/262 MP: 22/54
    45 | D        | Killed a destroyer
    48 | D        | Noticed a tyrant
    49 | D        | Noticed a tyrant
    49 | D        | Reached XP level 24. HP: 272/272 MP: 23/54
    53 | D        | Reached XP level 25. HP: 280/280 MP: 24/54
    55 | D        | Killed a tyrant
    58 | D        | Noticed a destroyer
    60 | D        | Reached XP level 26. HP: 290/290 MP: 26/54
    60 | D        | Noticed a large bag of meat
    61 | D        | Killed a destroyer
    61 | D        | Noticed a destroyer
    62 | D        | Noticed a destroyer
    63 | D        | Noticed an accursed
    64 | D        | Noticed a tyrant
    66 | D        | Reached XP level 27. HP: 285/298 MP: 27/54
    66 | D        | Noticed a large bag of meat
    67 | D        | Killed a destroyer
    68 | D        | Noticed a meat beast
    68 | D        | Noticed an accursed
    69 | D        | Noticed an accursed
    70 | D        | Killed a destroyer
    71 | D        | Killed a tyrant
    71 | D        | Noticed a destroyer
    72 | D        | Noticed a meat beast
    73 | D        | Killed a tyrant
    73 | D        | Killed a meat beast
    73 | D        | Noticed a meat beast
    74 | D        | Killed a large bag of meat
    75 | D        | Killed a meat beast
    75 | D        | Noticed a meat beast
    75 | D        | Noticed a meat beast
    76 | D        | Noticed a destroyer
    76 | D        | Noticed a large bag of meat
    76 | D        | Noticed a large bag of meat
    77 | D        | Noticed a meat beast
    77 | D        | Noticed a tyrant
    79 | D        | Killed a meat beast
    79 | D        | Noticed a large bag of meat
    80 | D        | Noticed a large bag of meat
    80 | D        | Killed a destroyer
    80 | D        | Killed a meat beast
    81 | D        | Killed a large bag of meat
    81 | D        | Noticed a dread
    82 | D        | Killed a destroyer
    82 | D        | Killed a meat beast
    82 | D        | Noticed an accursed
    82 | D        | Noticed a destroyer
    83 | D        | Killed a tyrant
    85 | D        | Killed a large bag of meat
    86 | D        | Killed an accursed
    86 | D        | Noticed a meat beast
    87 | D        | Killed a large bag of meat
    87 | D        | Noticed a meat beast
    87 | D        | Noticed a destroyer
    88 | D        | Killed a destroyer
    88 | D        | Killed an accursed
    89 | D        | Killed a meat beast
    89 | D        | Killed a destroyer
    90 | D        | Killed a meat beast
    91 | D        | Killed a large bag of meat
    91 | D        | Noticed a destroyer
    92 | D        | Killed an accursed
    94 | D        | Killed a large bag of meat
    94 | D        | Killed a destroyer
    95 | D        | Killed a dread
    96 | D        | Noticed a meat beast
    96 | D        | Noticed a destroyer
    97 | D        | Killed a meat beast
    99 | D        | Noticed a tyrant
   100 | D        | Noticed a large bag of meat
   101 | D        | Noticed a destroyer
   101 | D        | Killed a meat beast
   101 | D        | Killed a destroyer
   101 | D        | Killed a destroyer
   101 | D        | Noticed a destroyer
   102 | D        | Noticed a tyrant
   102 | D        | Noticed a large bag of meat
   103 | D        | Noticed a meat beast
   103 | D        | Noticed an accursed
   103 | D        | Noticed a dread
   104 | D        | Noticed a dread
   104 | D        | Noticed an accursed
   106 | D        | Noticed a large bag of meat
   106 | D        | Noticed a tyrant
   106 | D        | Noticed a destroyer
   107 | D        | Killed a dread
   107 | D        | Killed a meat beast
   107 | D        | Killed an accursed
   108 | D        | Noticed a dread
   108 | D        | Killed a large bag of meat
   108 | D        | Killed an accursed
   108 | D        | Noticed an accursed
   113 | D        | Noticed a meat beast
   113 | D        | HP: 13/292 [dread/damnation (14)]
   113 | D        | Killed from afar by a tyrant

Levels and vault maps discovered:
D:        meatsprint

Skill      XL: |  1  2  3  4  5  6  7  8  9 10 11 12 13 14 15 16 17 18 19 20 21 |
---------------+----------------------------------------------------------------+-----
Axes           | 23 27 | 27.0
Dodging        | 23 27 | 27.0
Fighting       | 5 16 21 26 27 | 27.0
Armour         | 5 19 24 27 | 27.0
Invocations    | 27 | 27.0
Unarmed Combat | 4 25 27 | 27.0
Spellcasting   | 25 27 | 27.0
Throwing       | 22 27 | 27.0
Stealth        | 27 | 27.0

Action                   |  1- 3 |  4- 6 |  7- 9 | 10-12 | 13-15 | 16-18 | 19-21 | 22-24 | 25-27 || total
-------------------------+-------+-------+-------+-------+-------+-------+-------+-------+-------++-------
Melee: Executioner's axe |     1 |       |       |       |     3 |     5 |     8 |     9 |    53 ||    79
Armor: Leather armour    |       |       |       |       |       |       |     1 |       |       ||     1
Dodge: Dodged            |       |       |       |       |       |       |       |       |     7 ||     7
